 Dungeon Crawl Stone Soup version 0.29.1-2-gbd0b4ee654 (webtiles) character file.

Game seed: 3664878590847175776

988 Goreval the Conjurer (level 8, -1/69 HPs)
             Began as an Octopode Hedge Wizard on Nov 21, 2022.
             Was an Initiate of Vehumet.
             Succumbed to a water moccasin's poison
             ... on level 5 of the Dungeon.
             The game lasted 00:22:38 (8412 turns).

Goreval the Conjurer (Octopode Hedge Wizard)        Turns: 8412, Time: 00:22:38

Health: -1/69      AC: 24    Str: 10    XL:     8   Next: 18%
Magic:  10/24      EV:  2    Int: 27    God:    Vehumet [......]
Gold:   188        SH:  0    Dex: 23    Spells: 2/16 levels left

rFire   + . .      SeeInvis .   a - +0 dagger
rCold   . . .      Faith    .   (no shield)
rNeg    + . .      Spirit   .   (helmet currently unavailable)
rPois   +          Reflect  .   (no amulet)
rElec   .          Harm     .   l - +6 ring of dexterity
rCorr   .          Rampage  .   r - ring of magical power
Will    .....      NoTele   +   s - ring of protection from fire
Stlth   +++.......              x - ring of positive energy
HPRegen 0.21/turn               y - ring of Yredelemnul's Wrath {Int+9 Dex+6}
MPRegen 0.19/turn               (no ring)
                                (no ring)
                                (no ring)

@: mighty, lethally poisoned (-1 -> -9), tree-form
A: stationary, stasis, torment immunity, boosted hp, almost no armour,
(amphibious), 8 rings, (camouflage 1), (gelatinous body 1), (nimble swimmer 1),
(tentacles)
a: Renounce Religion


You were on level 5 of the Dungeon.
You worshipped Vehumet.
Vehumet was noncommittal.
You were a tree.
You visited 2 branches of the dungeon, and saw 7 of its levels.

You collected 308 gold pieces.
You spent 120 gold pieces at shops.

Inventory:

Hand Weapons
 a - a +0 dagger (weapon)
Missiles
 i - 2 throwing nets
Armour
 b - a +0 hat (melded)
Jewellery
 l - a +6 ring of dexterity (left branch)
 r - a ring of magical power (right branch)
 s - a ring of protection from fire (on tentacle)
 x - a ring of positive energy (on tentacle)
 y - the ring of Yredelemnul's Wrath (on tentacle) {Int+9 Dex+6}
   (You found it on level 5 of the Dungeon)

   [ring of dexterity]

   Int:       It affects your intelligence (+9).
   Dex:       It affects your dexterity (+6).
 A - an amulet of guardian spirit
Wands
 q - a wand of flame (22)
 v - a wand of charming (8)
Scrolls
 d - 7 scrolls of identify {unknown}
 f - 2 scrolls of brand weapon {unknown}
 g - a scroll of noise {unknown}
 h - 4 scrolls of amnesia
 k - a scroll of enchant weapon {unknown}
 m - a scroll of torment {unknown}
 o - a scroll of butterflies {unknown}
 B - a scroll of blinking {unknown}
Potions
 e - 4 potions of cancellation
 j - 2 potions of lignification
 n - a potion of resistance {unknown}
 p - a potion of mutation {unknown}
 t - a potion of ambrosia {unknown}


   Skills:
 + Level 3.2 Dodging
 - Level 2.6 Stealth
 + Level 4.9 Spellcasting
 * Level 6.1 Conjurations
 - Level 3.0 Summonings
 + Level 2.7 Translocations
 + Level 2.1 Poison Magic


You had 2 spell levels left.
You knew the following spells:

 Your Spells              Type           Power      Damage    Failure   Level
a - Magic Dart            Conj           100%       1d8       1%          1
b - Summon Small Mammal   Summ           88%        N/A       2%          1
c - Conjure Flame         Conj/Fire      23%        6-21      6%          3
d - Mephitic Cloud        Conj/Pois/Air  21%        N/A       7%          3
e - Apportation           Tloc           42%        N/A       2%          1
f - Slow                  Hex            24%        N/A       8%          1
n - Blink                 Tloc           42%        N/A       3%          2
z - Call Imp              Summ           22%        N/A       3%          2

Your spell library contained the following spells:

 Spells                   Type           Power      Damage    Failure   Level
 Necrotise                Necr           24%        1d5       8%          1
 Corpse Rot               Necr/Pois/Air  10%        N/A       47%         4
 Dispel Undead            Necr           6%         3d8       58%         4
 Death Channel            Necr           3%         N/A       100%        6


Dungeon Overview and Level Annotations

Branches:
Dungeon (6/15)             Temple (1/1) D:5

Altars:
Ashenzari
Cheibriados
Dithmenos
Fedhas
Hepliaklqana
Nemelex Xobeh
Okawaru
Qazlal
Ru
Sif Muna
Uskayaw
Vehumet
Wu Jian

Shops:
D:3 *

Annotations:
D:5 exclusion: komodo dragon


Innate Abilities, Weirdness & Mutations

You are a tree.
Your roots penetrate the ground, keeping you stationary.
You cannot be teleported.
You are immune to unholy pain and torment.
Your maximum health is greatly increased.
You cannot wear most types of armour.
((You are amphibious.))
You can wear up to eight rings at the same time.
((Your skin changes colour to match your surroundings (Stealth+).))
((Your rubbery body absorbs attacks. (AC +1, EV +1)))
((You are camouflaged when in or above water. (Stealth+)))
((You have tentacles for arms and can constrict up to eight enemies at once.))


Message History

The water moccasin poisons you! The phantom closely misses your quokka.
Your quokka bites the phantom but does no damage.
Your white imp gestures at the phantom.
The puff of frost hits the phantom.
The phantom completely resists.
Your rat barely misses the phantom.
Okay, then.
Hit: a) +0 dagger
Aim: a water moccasin (heavily wounded, about 48% to evade your +0 dagger)
Okay, then.
Aim: a water moccasin (heavily wounded, chance to affect: 49%)
The water moccasin is charmed.
You feel stable enough to blink again.
* * * LOW HITPOINT WARNING * * *
You feel very sick.
Your quokka barely misses the phantom.
The phantom closely misses your quokka.
Your white imp barely misses the phantom.
Your rat closely misses the phantom.
It was a potion of cancellation.
You feel magically purged.
* * * LOW HITPOINT WARNING * * *
You feel very sick.
Your quokka barely misses the phantom.
The phantom misses your quokka.
Your white imp hits the phantom.
Your white imp freezes the phantom.
The phantom resists.
Your rat bites the phantom but does no damage.
It was a potion of lignification.
You turn into a tree.
Your +0 hat melds into your body.
Your roots penetrate the ground.
* * * LOW HITPOINT WARNING * * *
You feel very sick.
Your quokka barely misses the phantom.
The phantom barely misses your quokka.
Your white imp barely misses the phantom.
Your rat misses the phantom.
It was a potion of flight.
Your roots keep you in place.
* * * LOW HITPOINT WARNING * * *
You feel very sick.
Your quokka closely misses the phantom.
The phantom barely misses your quokka.
Your quokka misses the phantom.
Your white imp misses the phantom.
Your rat misses the phantom.
It was a potion of might.
You feel very mighty all of a sudden.
You die...

##.#...#####.#.###≈.)....≈#..#.#
#.###...##.#...##≈.####.≈#..#.#
#.###.#.#.#.#.#.#≈.#
#.≈####.####
##.#...#.[.......#≈.# #.≈#
#.....
.....####........#≈.####.≈#
######
##.....#.........#≈......≈#
#..S..#.........#≈≈≈≈≈≈≈≈#
##.##...........##########
#.#####.......r♣..# #§#
#.....5W.S.## #5# #......r..##
#.# ######...## #.##########.###
#..<.........# ##############


You could see a phantom (ally target), a friendly water moccasin (charmed), a
friendly white imp (summoned), a friendly quokka (summoned) and a friendly rat
(summoned).

Vanquished Creatures
  A black bear (D:5)
  An ice beast (D:5)
  A necrophage (D:5)
  An iron imp (D:3)
  Natasha (twice) (D:3)
  Terence (D:3)
  2 gnolls (D:3)
  3 adders (D:5)
  A worm (D:5)
  2 dart slugs
  11 orcs
  4 bats
  5 endoplasms
  3 giant cockroaches
  4 goblins
  9 hobgoblins
  6 quokkas
  9 ball pythons
  A frilled lizard (D:2)
  5 kobolds
  6 rats
78 creatures vanquished.

Vanquished Creatures (collateral kills)
  A centaur (D:5)
  An ogre (D:5)
  A phantom (D:4)
  A scorpion (D:5)
  A hound (D:5)
  3 iguanas
  Crazy Yiuf (D:3)
  Ijyb (D:4)
  Natasha (D:3)
  2 gnolls (D:3)
  3 orcs
  A ball python (D:2)
  3 hobgoblins
  A quokka (D:2)
  A kobold (D:2)
22 creatures vanquished.

Grand Total: 100 creatures vanquished

Notes
Turn   | Place    | Note
-------+----------+-------------------------------------------
     0 | D:1      | Goreval the Octopode Hedge Wizard began the quest for the
                  | Orb.
     0 | D:1      | Reached XP level 1. HP: 11/11 MP: 4/4
   413 | D:1      | Reached XP level 2. HP: 17/17 MP: 1/6
   416 | D:1      | Learned a level 2 spell: Call Imp
   419 | D:1      | Learned a level 2 spell: Blink
   676 | D:1      | Found a faded altar of an unknown god.
   881 | D:2      | Reached skill level 2 in Conjurations
  1016 | D:2      | Reached XP level 3. HP: 21/21 MP: 3/7
  1431 | D:2      | Learned a level 1 spell: Summon Small Mammal
  2182 | D:3      | Found a runed translucent door.
  2183 | D:3      | Noticed Crazy Yiuf
  2284 | D:3      | Noticed Natasha
  2357 | D:3      | Found Keys Ull's Assorted Antiques.
  2413 | D:3      | Noticed Terence
  2436 | D:3      | Reached XP level 4. HP: 27/27 MP: 6/9
  2607 | D:3      | Killed Terence
  2702 | D:3      | Reached skill level 3 in Conjurations
  3044 | D:3      | Bought an encrusted sapphire ring for 120 gold pieces
  3094 | D:3      | Found a snail-covered altar of Cheibriados.
  3116 | D:3      | Reached XP level 5. HP: 31/31 MP: 10/10
  3269 | D:3      | Killed Crazy Yiuf
  3554 | D:3      | Killed Natasha
  3555 | D:3      | Reached skill level 4 in Conjurations
  3846 | D:3      | Found Keys Ull's Assorted Antiques.
  4003 | D:3      | Noticed Natasha
  4007 | D:3      | Killed Natasha
  4008 | D:3      | Reached XP level 6. HP: 36/36 MP: 11/11
  4143 | D:3      | Noticed Natasha
  4152 | D:3      | Killed Natasha
  4333 | D:3      | Found a snail-covered altar of Cheibriados.
  4362 | D:4      | Noticed Ijyb
  5735 | D:4      | Killed Ijyb
  5736 | D:4      | Reached XP level 7. HP: 26/41 MP: 13/13
  5871 | D:5      | Entered Level 5 of the Dungeon
  5894 | D:5      | Reached skill level 5 in Conjurations
  6080 | D:5      | Noticed a komodo dragon
  6173 | D:5      | Learned a level 3 spell: Conjure Flame
  6177 | D:5      | Learned a level 3 spell: Mephitic Cloud
  6179 | D:5      | Learned a level 1 spell: Apportation
  6181 | D:5      | Learned a level 1 spell: Slow
  6665 | D:5      | Found a staircase to the Ecumenical Temple.
  6689 | D:5      | Identified the ring of Yredelemnul's Wrath {Int+9 Dex+6}
  6700 | Temple   | Entered the Ecumenical Temple
  6989 | Temple   | Became a worshipper of Vehumet
  7128 | D:5      | Reached skill level 1 in Poison Magic
  7374 | D:5      | Reached XP level 8. HP: 8/46 MP: 15/15
  8063 | D:5      | Reached skill level 6 in Conjurations
  8411 | D:5      | HP: 1/69 [poisoned by a water moccasin]
  8412 | D:5      | Succumbed to a water moccasin's poison

Illustrated notes

Levels and vault maps discovered:
D:1:      minmay_arrival_radiant_lines, layout_rooms,
          hellmonk_ecumenical_altar_crossroads
D:2:      layout_basic
D:3:      layout_rooms, slow_altar_2, serial_shops, shop,
          uniq_crazy_yiuf_cottage, uniq_terence, uniq_natasha
D:4:      layout_basic, chequers_avenue, nicolae_underground_beach, uniq_ijyb
D:5:      layout_loops_ring, minmay_temple_entry_statues_fountains,
          kennysheep_generic_room_6
D:6:      layout_rooms, nicolae_overflow_crystal_walls,
          makhleb_heckhound_becter, trog_three_pillars_becter, serial_shops,
          nicolae_shop_crystal, uniq_sigmund
Temple:   minmay_temple_bridge_abc

Skill      XL: |  1  2  3  4  5  6  7  8 |
---------------+-------------------------+-----
Conjurations   | 2 3 4 5 6 |  6.1
Summonings     | 2 3 |  3.0
Spellcasting   | 4 |  4.9
Translocations | 2 |  2.7
Poison Magic   | 1 2 |  2.1
Dodging        | 3 |  3.2
Stealth        | |  2.6

Action                   |  1- 3 |  4- 6 |  7- 9 || total
-------------------------+-------+-------+-------++-------
Melee: Dagger            |    31 |    41 |    11 ||    83
       Constrict         |    10 |    11 |     5 ||    26
       Tentacles         |     4 |    14 |     5 ||    23
       Punch             |     1 |     1 |     1 ||     3
 Cast: Magic Dart        |    78 |    52 |    59 ||   189
       Call Imp          |     4 |    25 |    29 ||    58
       Summon Small Mamm |    11 |    15 |     9 ||    35
       Blink             |       |       |     5 ||     5
       Conjure Flame     |       |       |     3 ||     3
Evoke: Wand              |       |       |     1 ||     1
  Use: Potion            |       |       |     6 ||     6
       Scroll            |       |       |     1 ||     1
 Stab: Distracted        |       |     1 |       ||     1
Armor: Skin              |     2 |     4 |     4 ||    10
Dodge: Dodged            |    26 |    21 |    41 ||    88
